 Dungeon Sprint DCSS version 0.30.0-2-g1aa4bd4387 (webtiles) character file.

Game seed: 5781490735721590484

68431 EarthwalkerPL the Executioner (level 14, -3/159 HPs)
             Began as a Minotaur Fighter on May 7, 2023.
             Killed by divine providence
             ... invoked by a royal mummy
              (10 damage)
             ... in the Dungeon (Sprint V: "Ziggurat Sprint").
             The game lasted 00:17:44 (963 turns).

EarthwalkerPL the Executioner (Minotaur Fighter)     Turns: 963, Time: 00:17:44

Health: -3/159     AC: 39    Str: 35    XL:     14   Next: 86%
Magic:  13/13      EV: 19    Int:  5    God:
Gold:   0          SH: 16    Dex: 10    Spells: 13/13 levels left

rFire   . . .        G - +16 obsidian axe {drain, demonic, Mesm Drain Fly SInv}
rCold   . . .        D - +3 kite shield
rNeg    . . .        H - +15 Maxwell's patent armour {-Cast -Tele rElec Will+ rCorr}
rPois   .            (helmet restricted)
rElec   +            (no cloak)
rCorr   +            Y - +2 pair of gloves {Str+3}
SInv    +            (no boots)
Will    ++...        t - amulet of Vitality {RegenMP++ Regen++} Stlth
                     P - +5 ring of evasion
HPRegen 2.06/turn    x - +6 ring of strength
MPRegen 0.93/turn

%: no teleportation, no spellcasting
@: flying, mesmerised, hasted and slowed, studying Fire Magic
A: horns 2, retaliatory headbutt
a: no special abilities


You were in the Dungeon.
You visited 1 branch

Inventory:

Hand Weapons
 a - a +0 war axe
 u - the +4 morningstar "Atzes" {flame, Dex+3}
   (You found it in the Dungeon)

   Dex:       It affects your dexterity (+3).
 w - the +8 Vampire's Tooth {megavamp}
   (You found it in the Dungeon)
 y - the +5 battleaxe of the Final Decision {heavy, rF- Str+4}
   (You found it in the Dungeon)

   Str:       It affects your strength (+4).
   rF:        It makes you vulnerable to fire.
 F - a +5 spectral broad axe
 G - the +16 obsidian axe (weapon) {drain, demonic, Mesm Drain Fly SInv}
   (You found it in the Dungeon)

   Mesm:      Its wielder is mesmerised by any visible foes, and it cannot be
   unequipped while any foes are visible.
   SInv:      It lets you see invisible.
   Fly:       It grants you flight.
   Drain:     It drains your maximum health when unequipped.
Armour
 b - a +0 scale mail
 c - a +0 buckler
 n - a +5 crystal plate armour
 D - a +3 kite shield (worn)
 E - a +3 tower shield
 H - the +15 Maxwell's patent armour (worn) {-Cast -Tele rElec Will+ rCorr}
   (You found it in the Dungeon)

   rElec:     It insulates you from electricity.
   -Cast:     It prevents spellcasting.
   -Tele:     It prevents most forms of teleportation.
   rCorr:     It protects you from acid and corrosion.
   Will:      It increases your willpower.
 I - the +18 shield of the Gong {Loud rN+ Will+ rCorr EV-5}
   (You found it in the Dungeon)

   Loud:      It is deafeningly noisy when blocking attacks.
   EV:        It affects your evasion (-5).
   rN:        It protects you from negative energy.
   rCorr:     It protects you from acid and corrosion.
   Will:      It increases your willpower.
 Y - a +2 pair of gloves of strength (worn)
Jewellery
 l - an amulet of guardian spirit
 s - a ring of fire
 t - the amulet of Vitality (around neck) {RegenMP++ Regen++}
   (You found it in the Dungeon)

   [amulet of magic regeneration]

   It increases your rate of magic regeneration.
   Regen:     It increases your rate of health regeneration.
 v - a ring of ice
 x - a +6 ring of strength (right hand)
 J - the ring "Emanit" {Str+6 Int+2 Dex+5 Slay-6}
   (You found it in the Dungeon)

   [ring of strength]

   Str:       It affects your strength (+6).
   Int:       It affects your intelligence (+2).
   Dex:       It affects your dexterity (+5).
   Slay:      It affects your accuracy & damage with ranged weapons and melee
   (-6).
 M - an amulet of reflection
 P - a +5 ring of evasion (left hand)
 Q - a ring of ice
 U - an amulet of regeneration
 V - a ring of positive energy
 W - an amulet of the acrobat
 X - a ring of resist corrosion
 Z - a ring of magical power
Wands
 z - a wand of paralysis (29)
 A - a wand of mindburst (18) (quivered)
 B - a wand of iceblast (31)
 C - a wand of quicksilver (28)
 R - a wand of flame (45)
 T - a wand of polymorph (7)
Scrolls
 j - 4 scrolls of blinking
 o - 4 scrolls of amnesia
 p - 6 scrolls of fog
 q - 5 scrolls of identify
 r - a scroll of fear
Potions
 d - 6 potions of might
 e - 10 potions of curing
 g - 3 potions of haste
 h - 7 potions of magic
 i - 3 potions of berserk rage
 k - 2 potions of brilliance
 m - 3 potions of resistance
Miscellaneous
 L - a phantom mirror
 N - a piece from Xom's chessboard (15/15)


   Skills:
 * Level 24.0 Fighting
 * Level 26.5 Axes
 * Level 23.9 Armour
 * Level 15.8 Dodging
 + Level 17.8 Shields
 * Level 13.4 Evocations


You had 13 spell levels left.
You didn't know any spells.
Your spell library contained the following spells:

 Spells                   Type           Power      Damage    Failure   Level
 Apportation              Tloc           0%         N/A       88%         1
 Foxfire                  Conj/Fire      0%         2x1d4     88%         1
 Kiss of Death            Conj/Necr      0%         2d5       88%         1
 Sandblast                Erth           0%         2d4       88%         1
 Shock                    Conj/Air       0%         1d3       88%         1
 Summon Small Mammal      Summ           0%         N/A       88%         1
 Blink                    Tloc           0%         N/A       95%         2
 Ensorcelled Hibernation  Hex/Ice        0%         N/A       95%         2
 Momentum Strike          Conj/Tloc      0%         3d8       95%         2
 Passwall                 Tmut/Erth      0%         N/A       95%         2
 Scorch                   Fire           0%         2d5       95%         2
 Sublimation of Blood     Necr           0%         N/A       95%         2
 Confusing Touch          Hex            0%         N/A       99%         3
 Dazzling Flash           Conj/Hex       0%         N/A       99%         3
 Gell's Gravitas          Tloc           0%         N/A       99%         3
 Portal Projectile        Hex/Tloc       0%         N/A       99%         3
 Stone Arrow              Conj/Erth      0%         3d7       99%         3
 Swiftness                Air            0%         N/A       99%         3
 Teleport Other           Tloc           0%         N/A       99%         3
 Tukima's Dance           Hex            0%         N/A       99%         3
 Vampiric Draining        Necr           0%         2d6       99%         3
 Vhi's Electric Charge    Tloc/Air       0%         N/A       99%         3
 Airstrike                Air            0%         2d(0-16)  100%        4
 Dispel Undead            Necr           0%         3d6       100%        4
 Flame Wave               Conj/Fire      0%         2d4       100%        4
 Fulminant Prism          Conj/Hex       0%         3d5       100%        4
 Iskenderun's Mystic Bla  Conj/Tloc      0%         2d3       100%        4
 Leda's Liquefaction      Hex/Erth       0%         N/A       100%        4
 Passage of Golubria      Tloc           0%         N/A       100%        4
 Petrify                  Tmut/Erth      0%         N/A       100%        4
 Summon Ice Beast         Ice/Summ       0%         N/A       100%        4
 Agony                    Necr           0%         N/A       100%        5
 Alistair's Intoxication  Tmut/Pois      0%         N/A       100%        5
 Arcjolt                  Conj/Air       0%         1d10      100%        5
 Blade Hands              Tmut           0%         N/A       100%        5
 Borgnjor's Vile Clutch   Necr/Erth      0%         N/A       100%        5
 Fireball                 Conj/Fire      0%         3d3       100%        5
 Freezing Cloud           Conj/Ice/Air   0%         6-21      100%        5
 Irradiate                Conj/Tmut      0%         3d11      100%        5
 Iskenderun's Battlesphe  Conj           0%         2d6       100%        5
 Metabolic Englaciation   Hex/Ice        0%         N/A       100%        5
 Silence                  Hex/Air        0%         N/A       100%        5
 Summon Forest            Summ/Tloc      0%         N/A       100%        5
 Summon Mana Viper        Hex/Summ       0%         N/A       100%        5
 Yara's Violent Unravell  Hex/Tmut       0%         3d3       100%        5
 Conjure Ball Lightning   Conj/Air       0%         3x3d6     100%        6
 Plasma Beam              Fire/Air       0%         2x1d11    100%        6
 Summon Cactus Giant      Summ           0%         N/A       100%        6
 Malign Gateway           Summ/Tloc      0%         N/A       100%        7
 Monstrous Menagerie      Summ           0%         N/A       100%        7
 Orb of Destruction       Conj           0%         9d5       100%        7
 Maxwell's Capacitive Co  Air            0%         ∞         100%        8
 Chain Lightning          Conj/Air       0%         N/A       100%        9
 Fire Storm               Conj/Fire      0%         5d1       100%        9


Dungeon Overview and Level Annotations

Branches:
Dungeon (1/1)

Altars:
Ashenzari
Cheibriados
Dithmenos
Elyvilon
Fedhas
Gozag
Hepliaklqana
Kikubaaqudgha
Makhleb
Nemelex Xobeh
Okawaru
Qazlal
Ru
Sif Muna
Trog
Uskayaw
Vehumet
Wu Jian
Xom
Yredelemnul
Zin
The Shining One
Jiyva
Lugonu

Annotations:
D 1 transporter


Innate Abilities, Weirdness & Mutations

You have a pair of horns on your head.
You reflexively headbutt those who attack you in melee.


Message History

You destroy the flying skull!
You block the flying skull's attack.
The emperor scorpion stings you but does no damage.
You block the emperor scorpion's attack.
The emperor scorpion claws you but does no damage.
The death scarab closely misses you.
The guardian mummy barely misses your soul eater.
The royal mummy gestures wildly while chanting.
Send 'em back where they came from!
Your orange demon shudders. x2; Your soul eater shudders.
Your chaos spawn shudders.
The royal mummy casts a spell.
The royal mummy calls on the powers of darkness!
The emperor scorpion convulses!
Your body is wracked with pain!
* * * LOW HITPOINT WARNING * * *
The emperor scorpion convulses! x4
The mummy priest utters an invocation to its god.
Your orange demon stings the royal mummy.
Your orange demon hits the royal mummy.
The royal mummy looks weaker.
The emperor scorpion stings your orange demon!!
Your orange demon looks as sick as possible!
The emperor scorpion poisons your orange demon!
The emperor scorpion claws your orange demon. x2
The flying skull hits you!
* * * LOW HITPOINT WARNING * * *
Unknown command.
You feel yourself speed up.
Visions of slaying the emperor scorpion flood into your mind.
You block the death scarab's attack. The death scarab bites you.
* * * LOW HITPOINT WARNING * * *
The death scarab drains your vigour!
You feel yourself slow down.
The death scarab draws strength from your injuries!
The emperor scorpion stings your soul eater but does no damage.
The emperor scorpion claws your soul eater but does no damage. x2
Your chaos spawn completely misses the emperor scorpion.
You block the giant cockroach zombie's attack.
The ushabti shakes and rattles deafeningly!
The royal mummy points at you and mumbles some strange words.
Something smites you!
You die...

▓▓▓▓▓▓▓▓▓▓ ▓▓▓▓▓▓▓
8©8_8_8_8▓▓......8©8.... ▓.....8
....)).._▓▓...|=:=:.}.... ▓..[|.[
........8▓▓..)))=)}:[)[". ▓...))"
........_▓▓.....M....3... ▓......
........8▓▓.....WMMM..... ▓.....(
........_▓▓....M9MMM......▓......
........8▓▓...MZMzsMB3....▓.....)
........_▓▓...43@MBMB.....▓......
........8▓▓...§ssB§s......▓..▓...
<......._▓▓....44ss.§.....▓.▓▓▓..
........8▓▓......§§§§.....▓..▓...
........_▓▓...▓.......▓...▓......
8_8_8_8_8▓▓...............▓......
▓▓▓▓▓▓▓▓▓▓▓...............▓▓▓▓▓▓▓
▓.......©.......▓.....8
▓▓▓▓▓▓▓▓▓▓▓▓▓▓▓▓▓..[.|.


You could see 3 royal mummies, 6 emperor scorpions, 3 mummy priests, a sun demon
(summoned), 3 guardian mummies, an ushabti, a freezing wraith (summoned), a
smoke demon (summoned), 4 death scarabs, a flying skull, 4 mummies, a giant
cockroach zombie (summoned), a friendly soul eater (summoned, slow), 2 friendly
orange demons and a friendly chaos spawn (summoned).

Vanquished Creatures
  5 Orb Guardians (D)
  2 liches (D)
  A quicksilver dragon (D)
  2 shadow dragons (D)
  2 frost giants (D)
  A fire giant (D)
  2 stone giants (D)
  6 purple draconians (D)
  3 black draconians (D)
  4 red draconians (D)
  4 yellow draconians (D)
  4 white draconians (D)
  3 green draconians (D)
  A mummy priest (D)
  A merfolk impaler (D)
  9 vault guards (D)
  A spriggan air mage (D)
  A hydra (D)
  A merfolk avatar (D)
  4 two-headed ogres (D)
  2 hell hogs (D)
  A soul eater (D)
  An ugly thing (D)
  2 draconians (D)
  A shining eye (D)
  A manticore (D)
  4 cyclopes (D)
  A moth of wrath (D)
  A water nymph (D)
  A cane toad (D)
  A komodo dragon (D)
  A rime drake (D)
  3 trolls (D)
  A merfolk (D)
  A tarantella (shapeshifter) (D)
  A snapping turtle (D)
  4 slime creatures (D)
  2 flying skulls (D)
  A wyvern (D)
  A jumping spider (D)
  A basilisk (D)
  A water elemental (D)
  A basilisk (shapeshifter) (D)
  3 fire elementals (D)
  A steam dragon (D)
  A naga (shapeshifter) (D)
  2 acid dragons (D)
  A water moccasin (D)
  A hell hound (D)
  3 orc warriors (D)
  3 ogres (D)
  A scorpion (D)
  A jelly (D)
  3 orc priests (D)
  2 orc wizards (D)
  3 mummies (D)
  A spectral adder (D)
  An adder zombie (D)
  An orc (D)
  A bat skeleton (D)
  2 endoplasms (D)
  A ball python zombie (D)
  A quokka skeleton (D)
  A quokka zombie (D)
125 creatures vanquished.

Vanquished Creatures (collateral kills)
  An acid blob (D)
  A ghoul (D)
  A white draconian (D)
  3 yellow draconians (D)
  A spriggan air mage (D)
  A merfolk aquamancer (D)
  A hell hog (D)
  An orb spider (shapeshifter) (D)
  A cyclops (D)
  A manticore (D)
  An eye of devastation (D)
  A merfolk siren (D)
  A cane toad (D)
  2 rime drakes (D)
  A komodo dragon (D)
  A troll (D)
  2 slime creatures (D)
  A water elemental (D)
  A neqoxec (D)
  2 golden eyes (D)
  A floating eye (D)
  A water moccasin (D)
  A hell hound (D)
  An orc warrior (D)
  5 orc priests (D)
  An orc wizard (D)
  2 mummies (D)
  2 bat zombies (D)
  A jackal skeleton (D)
  A jackal zombie (D)
41 creatures vanquished.

Vanquished Creatures (others)
  A lich (D)
  A green draconian (D)
  A yellow draconian (D)
  2 black draconians (D)
  A wyvern (D)
6 creatures vanquished.

Grand Total: 172 creatures vanquished

Notes
Turn   | Place    | Note
-------+----------+-------------------------------------------
     0 | D        | EarthwalkerPL the Minotaur Fighter began the quest for the
                  | Orb.
     0 | D        | Reached XP level 1. HP: 19/19 MP: 0/0
     0 | D        | Found a shimmering blue altar of Sif Muna.
     0 | D        | Found a sacrificial altar of Ru.
     0 | D        | Found a bloodstained altar of Trog.
     0 | D        | Found a stormy altar of Qazlal.
     0 | D        | Found an iron altar of Okawaru.
     0 | D        | Found a sparkling altar of Nemelex Xobeh.
     0 | D        | Found a blossoming altar of Fedhas.
     0 | D        | Found the +6 Majin-Bo {spellvamp, MP+6 Int+6}
     0 | D        | Found the +27 heavy crossbow "Sniper" {heavy, Acc+∞ SInv}
     0 | D        | Found the +10 dark maul {heavy}
     0 | D        | Found the +15 Maxwell's patent armour {-Cast -Tele rElec
                  | Will+ rCorr}
     0 | D        | Found the +18 shield of the Gong {Loud rN+ Will+ rCorr
                  | EV-5}
     0 | D        | Found the +16 obsidian axe {drain, demonic, Mesm Drain Fly
                  | SInv}
     0 | D        | Found the +7 great mace "Firestarter" {flame, immolate,
                  | rFlCloud rF++}
     0 | D        | Found the +6 shillelagh "Devastator" {shatter}
     0 | D        | Found the +11 plutonium sword {Contam Stlth-}
     0 | D        | Found the +8 lance "Wyrmbane" {slay drac, rPois rF+ rC+
                  | AC+3}
     0 | D        | Found the +9 sword of Zonguldrok {reap}
     0 | D        | Found the +13 scythe of Curses {drain, curses, Drain}
     0 | D        | Found the +9 sword of Power {lifebolt}
     0 | D        | Found the +7 mace of Variability {chaos, chaos arc}
     0 | D        | Found the +11 Singing Sword {sonic wave}
     0 | D        | Found the +8 storm bow {elec, penet}
     2 | D        | Found a transporter.
     2 | D        | Found an ancient bone altar of Kikubaaqudgha.
     2 | D        | Found a viscous altar of Jiyva.
     2 | D        | Found a corrupted altar of Lugonu.
     2 | D        | Found a hazy altar of Hepliaklqana.
     2 | D        | Found a burning altar of Makhleb.
     2 | D        | Found an opulent altar of Gozag.
    20 | D        | Reached skill level 9 in Axes
    20 | D        | Reached XP level 2. HP: 26/26 MP: 1/1
    61 | D        | Entered arena 2.
    61 | D        | Noticed a jumping spider
    61 | D        | Noticed a scorpion
    61 | D        | Found a transporter.
    64 | D        | Killed a jumping spider
    65 | D        | Reached skill level 10 in Axes
    65 | D        | Reached skill level 5 in Shields
    65 | D        | Reached XP level 3. HP: 29/38 MP: 2/2
    65 | D        | Reached XP level 4. HP: 35/45 MP: 3/3
    65 | D        | Reached XP level 5. HP: 40/51 MP: 4/4
    68 | D        | Reached skill level 11 in Axes
    71 | D        | Got the ring "Emanit" {Str+6 Int+2 Dex+5 Slay-6}
   105 | D        | Entered arena 3.
   105 | D        | Noticed a draconian
   105 | D        | Noticed a draconian
   105 | D        | Noticed a purple draconian
   105 | D        | Found a transporter.
   113 | D        | Killed a draconian
   114 | D        | Reached skill level 12 in Axes
   114 | D        | Reached XP level 6. HP: 25/66 MP: 5/5
   114 | D        | Reached XP level 7. HP: 27/71 MP: 6/6
   114 | D        | Killed a draconian
   115 | D        | Reached skill level 10 in Fighting
   115 | D        | Reached skill level 13 in Axes
   115 | D        | Reached skill level 10 in Armour
   117 | D        | Killed a purple draconian
   118 | D        | Reached skill level 14 in Axes
   118 | D        | Reached XP level 8. HP: 33/83 MP: 7/7
   271 | D        | Entered arena 4.
   271 | D        | Found a transporter.
   293 | D        | Entered arena 5.
   293 | D        | Noticed a slime creature
   293 | D        | Noticed a slime creature
   293 | D        | Found a transporter.
   297 | D        | Killed a slime creature
   298 | D        | Reached skill level 15 in Axes
   298 | D        | Reached XP level 9. HP: 92/92 MP: 8/8
   313 | D        | Entered arena 6.
   313 | D        | Noticed a two-headed ogre
   313 | D        | Noticed a two-headed ogre
   313 | D        | Noticed a cyclops
   313 | D        | Found a transporter.
   316 | D        | Killed a two-headed ogre
   317 | D        | Reached skill level 10 in Shields
   318 | D        | Reached skill level 16 in Axes
   318 | D        | Killed a two-headed ogre
   318 | D        | Killed a cyclops
   320 | D        | Reached XP level 10. HP: 104/104 MP: 9/9
   335 | D        | Entered arena 7.
   335 | D        | Found the +8 longbow "Zephyr" {speed, Dex+3 SInv}
   336 | D        | Found a transporter.
   342 | D        | Reached skill level 15 in Fighting
   342 | D        | Reached skill level 17 in Axes
   342 | D        | Reached skill level 15 in Armour
   360 | D        | Entered arena 8.
   360 | D        | Noticed a purple ugly thing
   360 | D        | Noticed a harpy
   361 | D        | Found a transporter.
   361 | D        | a harpy changed into a shock serpent
   361 | D        | Noticed a shock serpent (shapeshifter)
   366 | D        | a shock serpent changed into an orb spider
   366 | D        | Noticed an orb spider (shapeshifter)
   367 | D        | Killed a purple ugly thing
   369 | D        | Killed an orb spider
   379 | D        | Got Uxtah's Quarto of the Beguiling Singularity
   385 | D        | Entered arena 9.
   386 | D        | Found a transporter.
   390 | D        | Reached skill level 18 in Axes
   412 | D        | Entered arena 10.
   412 | D        | Noticed a hell hog
   412 | D        | Noticed a hell hog
   412 | D        | Noticed a hell hog
   413 | D        | Found a transporter.
   417 | D        | Killed a hell hog
   421 | D        | Killed a hell hog
   422 | D        | Reached XP level 11. HP: 43/116 MP: 10/10
   424 | D        | Killed a hell hog
   435 | D        | Got the Opusculum on Spectral Displacement
   438 | D        | Got the Handbook of the Boggart
   445 | D        | Entered arena 11.
   446 | D        | Found a transporter.
   454 | D        | Reached skill level 19 in Axes
   483 | D        | Entered arena 12.
   483 | D        | Noticed a shadow dragon
   484 | D        | Noticed a soul eater
   484 | D        | Noticed a ghoul
   485 | D        | Found a transporter.
   493 | D        | Killed a soul eater
   496 | D        | Killed a ghoul
   498 | D        | Killed a shadow dragon
   515 | D        | Entered arena 13.
   515 | D        | Noticed a merfolk impaler
   516 | D        | Noticed a merfolk aquamancer
   516 | D        | Noticed a merfolk avatar
   517 | D        | Found a transporter.
   521 | D        | Reached skill level 1 in Dodging
   522 | D        | Killed a merfolk aquamancer
   523 | D        | Reached skill level 1 in Evocations
   524 | D        | Reached skill level 20 in Axes
   531 | D        | Killed a merfolk impaler
   541 | D        | Killed a merfolk avatar
   564 | D        | Entered arena 14.
   565 | D        | Noticed a spriggan air mage
   565 | D        | Found the +2 Maxwell's thermic engine {flame, freeze, rev}
   566 | D        | Noticed a six-headed hydra
   566 | D        | Noticed a spriggan air mage
   567 | D        | Found a transporter.
   570 | D        | Reached skill level 5 in Dodging
   570 | D        | Reached XP level 12. HP: 87/129 MP: 11/11
   572 | D        | Killed a spriggan air mage
   574 | D        | Reached skill level 5 in Evocations
   575 | D        | Killed an eight-headed hydra
   583 | D        | Killed a spriggan air mage
   588 | D        | Got the Guidebook on Scorched Battling
   602 | D        | Got The Fundamentals of Sorcery
   613 | D        | Entered arena 15.
   619 | D        | Found a transporter.
   619 | D        | Noticed an acid blob
   628 | D        | Killed an acid blob
   629 | D        | Reached skill level 21 in Axes
   661 | D        | Entered arena 16.
   662 | D        | Noticed a two-headed ogre
   662 | D        | Noticed a fire giant
   662 | D        | Noticed a two-headed ogre
   662 | D        | Noticed a frost giant
   663 | D        | Noticed a frost giant
   665 | D        | Found a transporter.
   666 | D        | Killed a two-headed ogre
   670 | D        | Killed a frost giant
   677 | D        | Killed a fire giant
   678 | D        | Reached skill level 22 in Axes
   678 | D        | Killed a frost giant
   679 | D        | Reached skill level 15 in Shields
   679 | D        | Killed a two-headed ogre
   680 | D        | Reached XP level 13. HP: 33/140 MP: 12/12
   693 | D        | Got the Catalogue of Supportive Geometry
   713 | D        | Entered arena 17.
   716 | D        | Noticed a shadow dragon
   716 | D        | Noticed a stone giant
   716 | D        | Noticed a lich
   716 | D        | Found the amulet of Vitality {RegenMP++ Regen++}
   716 | D        | Noticed a stone giant
   716 | D        | Noticed a lich
   719 | D        | Noticed a lich
   719 | D        | Identified the +4 leather armour "Tiuluoje" {+Blink rF+
                  | Str-5}
   720 | D        | Found a transporter.
   724 | D        | Killed a lich
   725 | D        | Reached skill level 10 in Dodging
   727 | D        | Reached skill level 23 in Axes
   727 | D        | Killed a lich
   739 | D        | Killed a shadow dragon
   739 | D        | Killed a lich
   740 | D        | Reached skill level 24 in Axes
   745 | D        | Killed a stone giant
   746 | D        | Reached skill level 10 in Evocations
   755 | D        | Killed a stone giant
   784 | D        | Got the Parchment of Guile
   803 | D        | Entered arena 18.
   808 | D        | Noticed an Orb Guardian
   808 | D        | Noticed a white draconian
   808 | D        | Noticed a black draconian
   808 | D        | Noticed a red draconian
   808 | D        | Noticed a green draconian
   808 | D        | Noticed a black draconian
   808 | D        | Found the +8 Vampire's Tooth {megavamp}
   808 | D        | Noticed an Orb Guardian
   808 | D        | Noticed a white draconian
   808 | D        | Noticed a yellow draconian
   808 | D        | Noticed a red draconian
   808 | D        | Noticed a purple draconian
   808 | D        | Noticed a black draconian
   809 | D        | Noticed a yellow draconian
   809 | D        | Noticed a white draconian
   809 | D        | Noticed an Orb Guardian
   810 | D        | Identified the ring "Finah" {rN+ MP+9 Dex+3 SInv}
   810 | D        | Noticed a green draconian
   810 | D        | Noticed a yellow draconian
   813 | D        | Found a transporter.
   815 | D        | Killed a black draconian
   818 | D        | Killed an Orb Guardian
   820 | D        | Killed an Orb Guardian
   822 | D        | Killed a green draconian
   823 | D        | Killed an Orb Guardian
   824 | D        | Reached skill level 25 in Axes
   824 | D        | Killed a black draconian
   824 | D        | Killed a red draconian
   825 | D        | Reached XP level 14. HP: 87/154 MP: 13/13
   856 | D        | Got Bunoix's Grimoire of the Heavy Evil Eye
   858 | D        | Got the Grimoire of the Kinetic Union
   874 | D        | Entered arena 19.
   879 | D        | Noticed an Orb Guardian
   880 | D        | Identified the +4 morningstar "Atzes" {flame, Dex+3}
   880 | D        | Noticed an Orb Guardian
   880 | D        | Noticed a quicksilver dragon
   881 | D        | Found a transporter.
   886 | D        | Killed an Orb Guardian
   888 | D        | Killed an Orb Guardian
   895 | D        | Killed a quicksilver dragon
   896 | D        | Reached skill level 26 in Axes
   900 | D        | Reached skill level 15 in Dodging
   934 | D        | Got the +5 battleaxe of the Final Decision {heavy, rF-
                  | Str+4}
   943 | D        | Entered arena 20.
   948 | D        | Noticed a royal mummy
   949 | D        | Identified the ring "Yllex" {rPois AC+4}
   950 | D        | Noticed a royal mummy
   950 | D        | Noticed a royal mummy
   951 | D        | Found a transporter.
   959 | D        | Noticed an emperor scorpion
   959 | D        | Noticed an emperor scorpion
   959 | D        | Noticed an emperor scorpion
   963 | D        | Noticed an emperor scorpion
   963 | D        | Noticed an emperor scorpion
   963 | D        | Noticed an emperor scorpion
   963 | D        | HP: 7/159 [death scarab[a royal mummy] (4)]
   963 | D        | Killed from afar by a royal mummy

Illustrated notes

Levels and vault maps discovered:
D:        sprint_v [room_start, room_1, room_2, room_3, room_4, room_5, room_6,
          room_7, room_8, room_9, room_10, room_11, room_12, room_13, room_14,
          room_15, room_16, room_17, room_18, room_19, room_20, room_21,
          room_22, room_23, room_24, room_25, room_26, room_27]

Skill      XL: |  1  2  3  4  5  6  7  8  9 10 11 12 13 14 |
---------------+-------------------------------------------+-----
Axes           | 9 10 12 14 15 16 18 20 22 25 26 | 26.5
Fighting       | 6 9 12 14 16 18 20 22 24 | 24.0
Armour         | 6 9 12 14 16 18 20 22 23 | 23.9
Shields        | 5 7 9 10 12 13 15 16 17 | 17.8
Dodging        | 5 9 13 15 | 15.8
Evocations     | 4 8 11 13 | 13.4

Action                     |  1- 3 |  4- 6 |  7- 9 | 10-12 | 13-15 || total
---------------------------+-------+-------+-------+-------+-------++-------
  Melee: Broad axe         |     3 |     8 |    19 |    98 |   102 ||   230
         Headbutt          |       |     2 |     1 |    16 |    24 ||    43
  Evoke: Wand              |       |       |       |     2 |       ||     2
    Use: Potion            |     1 |       |       |     7 |    13 ||    21
         Scroll            |       |       |       |       |     3 ||     3
   Stab: Distracted        |       |       |     1 |     4 |     3 ||     8
         Invisible         |       |       |       |       |    17 ||    17
 Armour: Plate armour      |     6 |     5 |     3 |    47 |    72 ||   133
  Dodge: Dodged            |     1 |     2 |     3 |    34 |    82 ||   122
  Block: Kite shield       |     6 |     8 |     8 |    68 |   109 ||   199
